 Dungeon Crawl Stone Soup version 0.21-a0-150-gc243083 (webtiles) character file.

1491 drasked the Magician (level 8, 0/41 HPs)
             Began as a Deep Elf Air Elementalist on July 26, 2017.
             Shot with an arrow by a centaur (13 damage)
             ... while paralysed by a centaur
             ... on level 6 of the Dungeon.
             The game lasted 00:25:47 (7185 turns).

drasked the Magician (Deep Elf Air Elementalist)    Turns: 7185, Time: 00:25:48

Health: 0/41       AC:  6    Str:  5    XL:     8   Next: 51%
Magic:  21/21      EV:  2    Int: 23    God:
Gold:   288        SH:  0    Dex: 15    Spells: 7/22 levels left

rFire    + . .     SeeInvis +   x - +0 rapier (speed)
rCold    . . .     Gourm    .   (no shield)
rNeg     . . .     Faith    .   a - +0 robe
rPois    .         Spirit   .   p - +1 helmet {SInv}
rElec    .         Reflect  .   m - +0 cloak
rCorr    +         Harm     .   (no gloves)
MR       .....                  y - +0 pair of boots
Stlth    ++........             (no amulet)
HPRegen  0.13/turn              l - ring of resist corrosion
MPRegen  0.17/turn              B - ring of protection from fire {rF+, !d}

@: paralysed
A: no striking features
a: no special abilities


You were on level 6 of the Dungeon.
You were not hungry.

You visited 1 branch of the dungeon, and saw 6 of its levels.
You also visited: Sewer.

You collected 343 gold pieces.
You spent 55 gold pieces at shops.

Inventory:

Hand Weapons
 x - a +0 rapier of speed (weapon)
   (You took it off Eustachio on level 4 of the Dungeon)
Missiles
 n - a throwing net {=f, !d}
Armour
 a - a +0 robe (worn)
 m - a +0 cloak (worn)
   (You took it off Crazy Yiuf on level 5 of the Dungeon)
 p - a +1 helmet of see invisible (worn)
   (You took it off Robin on level 2 of the Dungeon)
 y - a +0 pair of boots (worn)
   (You found it on level 4 of the Dungeon)
Jewellery
 l - a ring of resist corrosion (left hand)
   (You found it on level 2 of the Dungeon)
 B - a ring of protection from fire (right hand) {rF+, !d}
   (You found it on level 5 of the Dungeon)
Wands
 v - a wand of polymorph (7/24)
   (You took it off Jessica on level 3 of the Dungeon)
 E - a wand of flame (22/48)
   (You took it off Duvessa on level 5 of the Dungeon)
 F - a wand of paralysis (4/24)
   (You found it on level 6 of the Dungeon)
 H - a wand of random effects (27/48)
   (You found it on level 6 of the Dungeon)
Scrolls
 d - 6 scrolls of teleportation
 i - 2 scrolls of amnesia
 j - 3 scrolls of fear {unknown}
 o - 2 scrolls of magic mapping {unknown}
 q - 6 scrolls of identify
 u - a scroll of fog {unknown}
 w - a scroll of blinking {!r}
 z - a scroll of enchant weapon {unknown}
 D - a scroll of remove curse
Potions
 e - 3 potions of haste {unknown}
 f - a potion of might {unknown}
 g - a potion of degeneration {!q}
 k - a potion of brilliance {unknown}
 r - 2 potions of magic {unknown}
 s - 2 potions of curing
 A - 2 potions of lignification {unknown}
 C - a potion of heal wounds
Books
 b - a book of Air
Comestibles
 c - 5 bread rations {@e1}
 h - 2 meat rations {@e2}
 t - 6 fruits


   Skills:
 - Level 2.4 Dodging
 - Level 2.4 Stealth
 + Level 7.9 Spellcasting
 + Level 7.0 Conjurations
 + Level 7.0 Air Magic


You had 7 spell levels left.
You knew the following spells:

 Your Spells              Type           Power        Failure   Level  Hunger
a - Shock                 Conj/Air       ####         1%          1    None
b - Static Discharge      Conj/Air       #####...     1%          3    None
c - Airstrike             Air            #####.....   3%          4    ###....
s - Swiftness             Chrm/Air       ####....     2%          2    None
x - Lightning Bolt        Conj/Air       #####.....   11%         5    #####..


Dungeon Overview and Level Annotations

Branches:
Dungeon (6/15)
 Temple: D:4-7

Altars:
Hepliaklqana
Kikubaaqudgha
Wu Jian
Zin

Shops:
D:5 !   D:6 *


Message History

A crimson imp comes into view.
The crimson imp blinks!
F - a wand of paralysis (?/24)
You see here a worker ant corpse.
That item cannot be evoked!
Unknown command.
Unknown command.
You butcher the worker ant corpse.
G - 3 chunks of flesh {@w0} An orc comes into view.
It is wielding a hand axe.
The crimson imp blinks!
A leopard gecko comes into view.
The orc shouts!
There is a stone staircase leading up here.
Aim: a crimson imp The zap hits the crimson imp.
The crimson imp appears unharmed.
A centaur comes into view.
You now have 16/21 mp.
Aim: a crimson imp The zap hits the crimson imp.
The crimson imp hits you but does no damage.
Aim: a crimson imp (moderately wounded)
The zap hits the crimson imp.
The crimson imp hits you.
You take 1 damage, and have 33/41 hp.
You now have 15/21 mp.
The crimson imp closely misses you.
You climb upwards.
There is a stone staircase leading down here.
Aim: a crimson imp (severely wounded)
The zap misses the crimson imp.
The crimson imp closely misses you.
You now have 14/21 mp.
Aim: a crimson imp (severely wounded)
The zap hits the crimson imp.
The crimson imp hits you but does no damage.
You now have 13/21 mp.
Aim: a crimson imp (almost dead)
The zap hits the crimson imp.
You kill the crimson imp!
Your Conjurations skill increases to level 7!
You start resting.
Eating one of 3 chunks of flesh {@w0}.
You eat one of the 3 chunks of flesh {@w0}.
Health restored: 41; MP restored: 21 A leopard gecko comes into view.
Aim: a leopard gecko (clinging, hasn't noticed you)
The zap hits the leopard gecko.
You kill the leopard gecko!
You now have 20/21 mp.
MP restored: 21
There is a stone staircase leading down here.
You climb downwards.
There is a stone staircase leading up here.
You now have 282 gold pieces (gained 9).
q - 6 scrolls of identify (gained 1)
Found a stone staircase leading down.
You now have 288 gold pieces (gained 6).
As you open the door, it creaks loudly!
There is an open door here.
H - a wand of random effects (?/48)
An orc comes into view. It is wielding a mace.
Aim: an orc, wielding a mace and wearing a ring mail (resting)
The zap hits the orc.
You now have 20/21 mp.
Aim: an orc, wielding a mace and wearing a ring mail (heavily wounded)
The zap hits the orc.
You now have 19/21 mp.
Aim: an orc, wielding a mace and wearing a ring mail (heavily wounded)
The zap hits the orc.
You kill the orc!
You now have 18/21 mp.
Things that are here:
a mace; a ring mail; an orc corpse
A - 2 fizzy coppery potions (gained 1)
Found Kuss's Assorted Antiques.
r - 2 fizzy yellow potions (gained 1)
There is an entrance to Kuss's Assorted Antiques here.
MP restored: 21 The centaur is too close now for your liking.
Aim: a centaur (hasn't noticed you)
The zap hits the centaur.
The centaur shouts!
The centaur wields a shortbow.
The centaur shoots an arrow.
The arrow closely misses you.
You now have 20/21 mp.
The centaur shoots an arrow.
The arrow hits you.
You see here an arrow.
You take 2 damage, and have 39/41 hp.
The centaur shoots an arrow.
The arrow hits you but does no damage.
You see here an arrow.
MP restored: 21 The centaur zaps a wand.
You suddenly lose the ability to move!
It is a wand of paralysis (?/24).
The centaur zaps a wand.
You easily resist.
The centaur shoots an arrow.
The arrow hits you.
All of the chunks of flesh in your inventory have rotted away.
The centaur shoots an arrow.
The arrow hits you!
The centaur shoots an arrow.
The arrow hits you.
The centaur shoots an arrow.
The arrow hits you!
The centaur shoots an arrow.
The arrow hits you.
The centaur shoots an arrow.
The arrow hits you!
You die...

###########.## #.#
#........)..## #.#
#............# #.#
#............# #.#.#
#............# #.#.#
#........###..##.#.#
#........# #.##.#.#
#........# #..#.#.#
#∩......@#####.#.#.# ####
#........(c.((...#.##....
#######8.8#######....<...#
#...§...........#......###
#..§............#.....##
#..............§#........l..
#.............§.#.$>.c......
#...........§...#.........≈≈
#...........§.§§#..<.....≈..


You could see a centaur.

Vanquished Creatures
  Eustachio (D:4)
  Menkaure (D:5)
  Duvessa (D:5)
  An ice beast (D:4)
  2 ogres (D:4)
  A centaur (D:5)
  A crimson imp (D:5)
  A bullfrog zombie (D:3)
  A centaur zombie (D:5)
  5 orc priests
  2 hounds
  Crazy Yiuf (D:5)
  4 orc wizards
  Jessica (D:3)
  Natasha (twice) (D:2)
  A worker ant (D:6)
  Robin (D:2)
  4 adders
  A river rat (Sewer)
  3 oozes (Sewer)
  An adder skeleton (D:4)
  6 worms
  2 dart slugs
  7 leopard geckos
  10 orcs
  7 ball pythons
  13 bats
  9 giant cockroaches
  16 goblins
  12 hobgoblins
  4 jackals (D:2)
  2 quokkas
  3 frilled lizards
  A jackal skeleton (D:5)
  14 kobolds
  11 rats
153 creatures vanquished.

Vanquished Creatures (others)
  An orc wizard (D:5)
1 creature vanquished.

Grand Total: 154 creatures vanquished

Notes
Turn   | Place    | Note
-------+----------+-------------------------------------------
     0 | D:1      | drasked the Deep Elf Air Elementalist began the quest for the Orb.
     0 | D:1      | Reached XP level 1. HP: 10/10 MP: 6/6
   243 | D:1      | Reached skill level 2 in Conjurations
   254 | D:1      | Reached XP level 2. HP: 15/15 MP: 2/8
   784 | D:2      | Noticed Natasha
   794 | D:2      | Killed Natasha
   794 | D:2      | Reached skill level 3 in Conjurations
   794 | D:2      | Reached XP level 3. HP: 11/19 MP: 1/10
  1163 | D:2      | Reached skill level 4 in Spellcasting
  1163 | D:2      | Reached XP level 4. HP: 24/24 MP: 7/12
  1205 | D:2      | Learned a level 3 spell: Static Discharge
  1208 | D:2      | Learned a level 2 spell: Swiftness
  1375 | D:2      | Noticed Robin
  1388 | D:2      | Killed Robin
  1533 | D:2      | Reached skill level 4 in Conjurations
  1546 | D:2      | Noticed Natasha
  1564 | D:2      | HP: 5/24 [Natasha (2)]
  1565 | D:2      | Killed Natasha
  1760 | D:2      | Reached XP level 5. HP: 19/28 MP: 2/14
  1989 | D:2      | Found a glowing silver altar of Zin.
  2503 | D:2      | Learned a level 4 spell: Airstrike
  2563 | D:3      | Noticed Jessica
  2564 | D:3      | Killed Jessica
  2598 | D:3      | Found a glowing drain.
  2599 | D:3      | Reached skill level 5 in Spellcasting
  2626 | Sewer    | Entered a sewer
  2900 | Sewer    | Reached skill level 5 in Conjurations
  3195 | D:3      | Reached XP level 6. HP: 32/32 MP: 6/16
  3205 | D:3      | Learned a level 5 spell: Lightning Bolt
  3489 | D:3      | HP: 4/32 [bullfrog zombie (6)]
  3874 | D:3      | Found a hazy altar of Hepliaklqana.
  4219 | D:4      | Reached skill level 4 in Air Magic
  4434 | D:4      | Found an ancient bone altar of Kikubaaqudgha.
  4479 | D:4      | Reached skill level 6 in Spellcasting
  4682 | D:4      | Noticed Eustachio
  4692 | D:4      | Killed Eustachio
  4692 | D:4      | Reached XP level 7. HP: 31/36 MP: 4/18
  4861 | D:4      | Reached skill level 5 in Air Magic
  4980 | D:4      | Found an ornate altar of the Wu Jian Council.
  5138 | D:4      | Reached skill level 6 in Conjurations
  5403 | D:5      | Entered Level 5 of the Dungeon
  5460 | D:5      | Found Gitocaw's Distillery.
  5471 | D:5      | Bought a potion of heal wounds for 55 gold pieces
  5534 | D:5      | Noticed Menkaure
  5537 | D:5      | Killed Menkaure
  5537 | D:5      | Reached skill level 7 in Spellcasting
  5768 | D:5      | Reached skill level 6 in Air Magic
  5768 | D:5      | Reached XP level 8. HP: 41/41 MP: 11/20
  6004 | D:5      | Noticed Duvessa
  6173 | D:5      | Noticed Dowan
  6519 | D:5      | Found a runed door.
  6523 | D:5      | Noticed Crazy Yiuf
  6527 | D:5      | Killed Crazy Yiuf
  6643 | D:5      | Killed Duvessa
  6662 | D:5      | Noticed Dowan
  6662 | D:5      | Dowan changed into Dowan the centaur
  6664 | D:5      | HP: 8/41 [Dowan the centaur/dagger (7)]
  6667 | D:5      | Killed Dowan the centaur
  6956 | D:6      | Reached skill level 7 in Air Magic
  6975 | D:5      | Reached skill level 7 in Conjurations
  7139 | D:6      | Found Kuss's Assorted Antiques.
  7180 | D:6      | Paralysed by a centaur for 6 turns
  7185 | D:6      | Shot with an arrow by a centaur

Vault maps used:
D:1:      matt_arrival_refuge
D:2:      kennysheep_six_static_rooms, zin_academy, first_bread,
          minmay_misc_feat_more_columns, uniq_robin, uniq_natasha
D:3:      portal_sewer_entry_f, lemuel_statue_altar, uniq_jessica
D:4:      lemuel_crystal_altar, kiku_gazebo_pond_becter, uniq_eustachio
D:5:      serial_shops, nicolae_shop_stone, item_on_display_a, uniq_menkaure,
          uniq_crazy_yiuf_cottage, uniq_duvessa
D:6:      cheibrodos_helix_gallery, lemuel_blue_sif_altar,
          lemuel_temple_firewalk_b, serial_shops, shop
Sewer:    sewer_co_15_rooms

Skill      XL: |  1  2  3  4  5  6  7  8 |
---------------+-------------------------+-----
Conjurations   | 2 3 4 5 6 7 |  7.0
Spellcasting   | 4 5 6 7 |  7.9
Air Magic      | 4 6 7 |  7.0
Dodging        | |  2.4
Stealth        | |  2.4

Action                   |  1- 3 |  4- 6 |  7- 9 || total
-------------------------+-------+-------+-------++-------
Melee: Short sword       |     2 |     4 |       ||     6
       Rapier            |       |       |     3 ||     3
 Cast: Shock             |    53 |   220 |    65 ||   338
       Static Discharge  |       |     6 |     3 ||     9
       Swiftness         |       |     1 |     1 ||     2
       Airstrike         |       |       |    22 ||    22
       Lightning Bolt    |       |       |     3 ||     3
Evoke: Wand              |       |       |     3 ||     3
  Use: Potion            |     1 |     1 |       ||     2
       Scroll            |       |     7 |       ||     7
  Eat: Chunk             |       |    11 |     6 ||    17
       Fruit             |       |     1 |       ||     1
       Royal jelly       |       |       |     2 ||     2
Armor: Robe              |     1 |    16 |     4 ||    21
Dodge: Dodged            |     5 |    37 |    21 ||    63

Vault maps used:
D:1:      matt_arrival_refuge
D:2:      kennysheep_six_static_rooms, zin_academy, first_bread,
          minmay_misc_feat_more_columns, uniq_robin, uniq_natasha
D:3:      portal_sewer_entry_f, lemuel_statue_altar, uniq_jessica
D:4:      lemuel_crystal_altar, kiku_gazebo_pond_becter, uniq_eustachio
D:5:      serial_shops, nicolae_shop_stone, item_on_display_a, uniq_menkaure,
          uniq_crazy_yiuf_cottage, uniq_duvessa
D:6:      cheibrodos_helix_gallery, lemuel_blue_sif_altar,
          lemuel_temple_firewalk_b, serial_shops, shop
Sewer:    sewer_co_15_rooms

Table legend:
 A = Turns spent in this place as a percentage of turns spent in the entire game.
 B = Non-inter-level travel turns spent in this place as a percentage of non-inter-level travel turns spent in the entire game.
 C = Inter-level travel turns spent in this place as a percentage of turns spent in this place.
 D = Turns resting spent in this place as a percentage of non-inter-level travel turns spent in this place.
 E = Turns spent auto-exploring this place as a percentage of non-inter-level travel turns spent in this place.
 F = Non-inter-level travel turns spent in this place divided by the number of levels of this place that you've seen.
                   A       B       C       D       E      F
               +-------+-------+-------+-------+-------+----------------------
         Total | 100.0 | 100.0 |   0.5 |   4.4 |  11.9 | 249.0
       Dungeon |  88.3 |  88.3 |   0.5 |   4.5 |  12.2 | 256.5
         Sewer |  11.7 |  11.7 |   0.0 |   3.4 |   9.3 | 204.0
               +-------+-------+-------+-------+-------+----------------------

Table legend:
 A = Kills in this place as a percentage of kills in entire the game.
 B = Kills by you in this place as a percentage of kills by you in the entire game.
 C = Kills by friends in this place as a percentage of kills by friends in the entire game.
 D = Other kills in this place as a percentage of other kills in the entire game.
 E = Experience gained in this place as a percentage of experience gained in the entire game.
 F = Experience gained in this place divided by the number of levels of this place that you have seen.
                   A       B       C       D       E      F
               +-------+-------+-------+-------+-------+----------------------
         Total | 100.0 | 100.0 |  -nan | 100.0 | 100.0 | 304.4
       Dungeon |  89.6 |  89.5 |  -nan | 100.0 |  97.2 | 345.3
         Sewer |  10.4 |  10.5 |  -nan |   0.0 |   2.8 |  59.0
               +-------+-------+-------+-------+-------+----------------------
